 Dungeon Crawl Stone Soup version 0.29.1-1-gd02db6906a (webtiles) character file.

Game seed: 15008104858567603109

35 hawla the Firebug (level 3, -1/27 HPs)
             Began as a Meteoran Fire Elementalist on Oct 8, 2022.
             Slain by a gnoll
             ... wielding a +0 spear
              (3 damage)
             ... on level 2 of the Dungeon.
             The game lasted 00:02:22 (592 turns).

hawla the Firebug (Meteoran Fire Elementalist)       Turns: 592, Time: 00:02:23

Health: -1/27      AC:  2    Str:  9    XL:     3   Next: 79%
Magic:  6/8        EV: 12    Int: 18    God:
Gold:   45         SH:  0    Dex: 15    Spells: 5/8 levels left

rFire   . . .      SeeInvis .   (no weapon)
rCold   . . .      Faith    .   (no shield)
rNeg    . . .      Spirit   .   a - +0 robe
rPois   .          Reflect  .   (no helmet)
rElec   .          Harm     .   (no cloak)
rCorr   .          Rampage  .   (no gloves)
Will    .....                   (no boots)
Stlth   +.........              (no amulet)
HPRegen 0.09/turn               (no ring)
MPRegen 0.11/turn               (no ring)

@: weak-willed, attractive, glowing
A: sense surroundings 1, otherworldly, glowing, explore regen
a: no special abilities


You were on level 2 of the Dungeon.
You visited 1 branch of the dungeon, and saw 2 of its levels.

You collected 45 gold pieces.

Inventory:

Armour
 a - a +0 robe (worn)
Jewellery
 h - a ring of see invisible


   Skills:
 + Level 0.4 Fighting
 + Level 2.6 Dodging
 - Level 1.4 Stealth
 + Level 3.4 Spellcasting
 + Level 1.4 Conjurations
 + Level 4.4 Fire Magic


You had 5 spell levels left.
You knew the following spells:

 Your Spells              Type           Power      Damage    Failure   Level
a - Foxfire               Conj/Fire      52%        2x1d6     4%          1
b - Scorch                Fire           36%        2d6       3%          2

Your spell library contained the following spells:

 Spells                   Type           Power      Damage    Failure   Level
 Conjure Flame            Conj/Fire      13%        6-21      14%         3
 Inner Flame              Hex/Fire       11%        N/A       19%         3
 Flame Wave               Conj/Fire      13%        2d6       43%         4


Dungeon Overview and Level Annotations

Branches:
Dungeon (2/15) Zot: 604

Altars:


Innate Abilities, Weirdness & Mutations

You passively map a small area around you.
You are easily found by Zot.
You glow in the dark.
You regain HP and MP as you explore.


Message History

You kill the gnoll!
A gnoll comes into view. It is wielding a +0 spear.
Casting: Scorch (safe; 3% risk of failure)
Confirm with . or Enter, or press ? or * to list all spells.
Flames lash the gnoll.
The gnoll is lightly wounded.
The gnoll's fire resistance burns away.
The gnoll barely misses you.
Casting: Scorch (safe; 3% risk of failure)
Confirm with . or Enter, or press ? or * to list all spells.
You don't have enough magic to cast this spell.
Casting: Scorch (safe; 3% risk of failure)
Confirm with . or Enter, or press ? or * to list all spells.
You conjure some foxfire!
A gnoll comes into view. It is wielding a +0 flail.
The foxfire hits the gnoll but does no damage.
Unknown command.
As you read the scroll labelled WEUMUST BUNOERPH, it crumbles to dust.
Magic quickly surges around you.
It was a scroll of vulnerability.
The gnoll is no longer more vulnerable to fire.
As you read the scroll labelled RARUXAOFECK, it crumbles to dust.
Your body is wracked with pain!
The gnoll convulses! x3
It was a scroll of torment.
The gnoll hits you from afar with a +0 spear.
The gnoll hits you with a +0 flail of protection.
It was a potion of attraction.
You feel attractive to monsters. The gnoll closely misses you.
The gnoll hits you with a +0 flail of protection.
* * * LOW HITPOINT WARNING * * *
The gnoll is attracted toward you. The rat is attracted toward you.
The gnoll is attracted toward you. Magic courses through your body.
The gnoll misses you.
The gnoll hits you with a +0 flail of protection.
* * * LOW HITPOINT WARNING * * *
Casting: Foxfire (safe; 4% risk of failure)
Confirm with . or Enter, or press ? or * to list all spells.
Flames lash the gnoll.
The gnoll is almost dead.
The gnoll's fire resistance burns away.
The gnoll hits you with a +0 spear.
You die...

, * * , * , ,, * , **
*** , , * # ,
...###### ##.
#..ggrg@# #..
#.#####g####.# *
#...##.# , * ###.##.#
*** * #..#.# *
##...#### #### , ,
##....(# #...
*#########.##.###
#... , ,
........#.##...###...


You could see 3 gnolls and a rat (weak-willed).

Vanquished Creatures
  A gnoll (D:2)
  3 endoplasms (D:1)
  A goblin (D:1)
  2 hobgoblins (D:1)
  4 jackals (D:1)
  6 ball pythons
  A bat (D:1)
  2 frilled lizards (D:1)
  3 kobolds
  2 rats (D:1)
25 creatures vanquished.

Vanquished Creatures (others)
  43 foxfires
43 creatures vanquished.

Grand Total: 68 creatures vanquished

Notes
Turn   | Place    | Note
-------+----------+-------------------------------------------
     0 | D:1      | hawla the Meteoran Fire Elementalist began the quest for
                  | the Orb.
     0 | D:1      | Reached XP level 1. HP: 14/14 MP: 5/5
    85 | D:1      | Reached skill level 4 in Fire Magic
    85 | D:1      | Reached XP level 2. HP: 20/20 MP: 2/6
    94 | D:1      | Learned a level 2 spell: Scorch
   261 | D:1      | Reached XP level 3. HP: 26/26 MP: 4/8
   353 | D:1      | Found a faded altar of an unknown god.
   497 | D:1      | Glimpsed the power of Zot.
   592 | D:2      | Slain by a gnoll

Illustrated notes

Levels and vault maps discovered:
D:1:      sevenhm_arrival_forest_fort_large_1, layout_loops_cross,
          shapermc_ecumenical_altar_flowoftime, st_stairs_3
D:2:      layout_rooms

Skill      XL: |  1  2 |
---------------+-------+-----
Fire Magic     | 4 |  4.4
Spellcasting   | 3 |  3.4
Fighting       | |  0.4
Dodging        | |  2.6
Stealth        | |  1.4
Conjurations   | |  1.4

Action                   || total
-------------------------++-------
Melee: Unarmed           ||    17
 Cast: Foxfire           ||    28
       Scorch            ||    10
  Use: Scroll            ||     6
       Potion            ||     2
Armor: Robe              ||    10
Dodge: Dodged            ||    21
